 Dungeon Crawl Stone Soup version 0.31-a0-204-g7da18cac08 (webtiles) character file.

Game seed: 11772385046113897381

179 mobinator the Trooper (level 5, -5/48 HPs)
             Began as a Hill Orc Monk on June 27, 2023.
             Slain by Grinder (6 damage)
             ... while paralysed by Grinder
             ... on level 3 of the Dungeon.
             The game lasted 00:10:51 (2474 turns).

mobinator the Trooper (Hill Orc Monk)               Turns: 2474, Time: 00:10:53

Health: -5/48      AC:  6    Str: 16    XL:     5   Next: 59%
Magic:  5/5        EV:  2    Int: 10    God:
Gold:   103        SH:  0    Dex: 13    Spells: 4/4 levels left

rFire   . . .        a - +0 mace
rCold   . . .        d - orb {light}
rNeg    . . .        m - +0 ring mail
rPois   .            l - +0 helmet
rElec   .            (no cloak)
rCorr   +            (no gloves)
SInv    .            (no boots)
Will    .....        (no amulet)
Stlth   +            p - ring of resist corrosion
HPRegen 0.28/turn    (no ring)
MPRegen 0.09/turn

%: no passive effects
@: paralysed, glowing
A: no striking features
a: no special abilities


You were on level 3 of the Dungeon.
You visited 1 branch of the dungeon, and saw 3 of its levels.

You collected 103 gold pieces.

Inventory:

Hand Weapons
 a - a +0 mace (weapon)
Armour
 b - a +0 robe
 d - an orb of light (worn)
 l - a +0 helmet (worn)
 m - a +0 ring mail (worn)
Jewellery
 p - a ring of resist corrosion (left hand)
Scrolls
 e - 2 scrolls of fear {unknown}
 f - a scroll of blinking {unknown}
 h - a scroll of enchant armour {unknown}
 i - a scroll of summoning {unknown}
 k - a scroll of revelation {unknown}
 n - 2 scrolls of fog {unknown}
 q - 2 scrolls of immolation
Potions
 c - a potion of ambrosia
 g - a potion of magic {unknown}
 j - a potion of attraction {unknown}
 o - a potion of curing {unknown}


   Skills:
 + Level 5.2 Fighting
 + Level 4.6 Maces & Flails
 + Level 3.4 Dodging


You had 4 spell levels left.
You didn't know any spells.
Your spell library was empty.

Dungeon Overview and Level Annotations

Branches:
Dungeon (3/15)

Altars:

Annotations:
D:3 Grinder


Message History

Grinder is lightly wounded.
Grinder hits you but does no damage.
You hit Grinder but do no damage.
Grinder is lightly wounded.
Grinder gestures at you. Pain shoots through your body!
Grinder blinks!
Grinder blinks!
Found a stone staircase leading down.
You start resting.
Grinder is nearby!
Grinder hits you.
You writhe in agony.
You hit Grinder.
Grinder is lightly wounded.
Grinder hits you!
You hit Grinder.
Grinder is moderately wounded.
Grinder hits you.
You writhe in agony.
* * * LOW HITPOINT WARNING * * *
You hit Grinder.
Grinder is moderately wounded.
Grinder hits you but does no damage.
You hit Grinder.
Grinder is moderately wounded.
Grinder closely misses you.
You hit Grinder.
Grinder is moderately wounded.
Grinder blinks!
You sock Grinder!
Grinder is heavily wounded.
Grinder hits you but does no damage. Grinder gestures at you.
Pain shoots through your body!
* * * LOW HITPOINT WARNING * * *
Grinder gestures at you.
You suddenly lose the ability to move!
Grinder hits you but does no damage. Grinder hits you.
* * * LOW HITPOINT WARNING * * *
You writhe in agony.
You die...

####.# #########..
..##.# #.5.....>..
#.##.# #@#######..
#.##.# #.# #.##.# #.#
#.##.# #.# #.##.# #.#
# ..##.# #.# . .....#
##.##.# .#####
######...#.#
.#########..........#


You could see Grinder.

Vanquished Creatures
  A jelly (D:3)
  Jessica (D:3)
  An orc wizard (D:3)
  Robin (D:3)
  2 adders (D:2)
  A worm (D:2)
  2 dart slugs (D:3)
  5 orcs (D:3)
  7 ball pythons
  A bat (D:1)
  An endoplasm (D:2)
  A giant cockroach (D:1)
  8 goblins
  6 hobgoblins
  4 jackals (D:2)
  A kobold (D:2)
  3 quokkas
  5 frilled lizards
  6 rats
57 creatures vanquished.

Notes
Turn   | Place    | Note
-------+----------+-------------------------------------------
     0 | D:1      | mobinator the Hill Orc Monk began the quest for the Orb.
     0 | D:1      | Reached XP level 1. HP: 19/19 MP: 1/1
   245 | D:1      | Reached XP level 2. HP: 20/27 MP: 2/2
   393 | D:1      | Found a faded altar of an unknown god.
   415 | D:1      | Reached skill level 4 in Fighting
  1087 | D:2      | Reached XP level 3. HP: 29/33 MP: 3/3
  1925 | D:2      | Reached XP level 4. HP: 36/41 MP: 4/4
  2106 | D:3      | Reached XP level 5. HP: 35/47 MP: 5/5
  2179 | D:3      | Noticed Robin
  2197 | D:3      | Reached skill level 5 in Fighting
  2216 | D:3      | Killed Robin
  2384 | D:3      | Noticed Jessica
  2396 | D:3      | Killed Jessica
  2444 | D:3      | Noticed Grinder
  2471 | D:3      | Paralysed by Grinder for 5 turns
  2474 | D:3      | HP: 1/48 [Grinder (3)]
  2474 | D:3      | Slain by Grinder

Illustrated notes

Levels and vault maps discovered:
D:1:      amcnicky_arrival_double_pillar, layout_basic,
          hellmonk_ecumenical_altar_lost_god, serial_bayou_pond_e
D:2:      layout_loops_corners
D:3:      layout_loops_ring, kennysheep_nondescript, uniq_robin, uniq_jessica,
          uniq_grinder

Skill      XL: |  1  2  3  4  5 |
---------------+----------------+-----
Fighting       | 4 5 |  5.2
Maces & Flails | 4 |  4.6
Dodging        | 3 |  3.4

Action                     |  1- 3 |  4- 6 || total
---------------------------+-------+-------++-------
  Melee: Mace              |   100 |    70 ||   170
    Use: Scroll            |       |     1 ||     1
 Armour: Robe              |     5 |       ||     5
         Ring mail         |    22 |    28 ||    50
  Dodge: Dodged            |    66 |    33 ||    99

Table legend: (Time is in decaauts)
 A = Elapsed time spent in this place.
 B = Non-inter-level travel time spent in this place.
 C = Inter-level travel time spent in this place.
 D = Time resting spent in this place.
 E = Time spent auto-exploring this place.
 F = Levels seen in this place.
 G = Mean time per level.
                   A        B        C        D        E       F      G
               +--------+--------+--------+--------+--------+-----+--------+
         Total |   2506 |   2351 |    155 |     83 |   1480 |   3 |  835.3 |
       Dungeon |   2506 |   2351 |    155 |     83 |   1480 |   3 |  835.3 |
               +--------+--------+--------+--------+--------+-----+--------+

Top non-repeatable levels by time:
     D:1: 1039 daAuts
     D:2: 1017 daAuts
     D:3: 449 daAuts
